 Dungeon Crawl Stone Soup version 0.29.1-15-g9cfb28693d (webtiles) character file.

Game seed: 3999143337560686115

30 Barneous the Shooter (level 3, -4/21 HPs)
             Began as an Octopode Wanderer on Mar 13, 2023.
             Succumbed to a gnoll's poison
             ... on level 1 of the Dungeon.
             The game lasted 00:03:36 (1555 turns).

Barneous the Shooter (Octopode Wanderer)            Turns: 1555, Time: 00:03:36

Health: -4/21      AC:  1    Str:  8    XL:     3   Next: 18%
Magic:  4/4        EV: 12    Int: 23    God:
Gold:   34         SH:  0    Dex:  9    Spells: 3/4 levels left

rFire   . . .      SeeInvis .   a - +3 sling
rCold   . . .      Faith    .   (no shield)
rNeg    + . .      Spirit   .   b - +0 hat
rPois   .          Reflect  .   (no amulet)
rElec   .          Harm     .   g - ring of positive energy
rCorr   .          Rampage  .   (no ring)
Will    .....                   (no ring)
Stlth   +++.......              (no ring)
HPRegen 0.07/turn               (no ring)
MPRegen 0.09/turn               (no ring)
                                (no ring)
                                (no ring)

@: lethally poisoned (-4 -> -20)
A: almost no armour, amphibious, 8 rings, camouflage 1, gelatinous body 1,
(nimble swimmer 1), tentacles, tentacle spike 1, clever 1
a: no special abilities


You were on level 1 of the Dungeon.
You visited 1 branch of the dungeon, and saw 2 of its levels.

You collected 34 gold pieces.

Inventory:

Hand Weapons
 a - a +3 sling (weapon)
 i - a +1 dagger of protection
Armour
 b - a +0 hat (worn)
Jewellery
 g - a ring of positive energy (left tentacle)
Scrolls
 f - a scroll of identify
Potions
 c - a potion of heal wounds
 d - a potion of curing
 e - a potion of ambrosia


   Skills:
 + Level 3.1 Ranged Weapons
 + Level 1.4 Throwing
 + Level 1.3 Dodging
 + Level 2.0 Stealth
 + Level 0.5 Unarmed Combat
 + Level 1.2 Spellcasting
 + Level 2.3 Earth Magic
 + Level 1.5 Evocations


You had 3 spell levels left.
You knew the following spells:

 Your Spells              Type           Power      Damage    Failure   Level
a - Sandblast             Erth           22%        2d7       5%          1

Your spell library contained the following spells:

 Spells                   Type           Power      Damage    Failure   Level
 Magic Dart               Conj           4%         1d3       14%         1
 Searing Ray              Conj           2%         2d4       22%         2
 Stone Arrow              Conj/Erth      12%        3d7       26%         3
 Fulminant Prism          Conj/Hex       0%         3d6       80%         4


Dungeon Overview and Level Annotations

Branches:
Dungeon (2/15)

Altars:


Innate Abilities, Weirdness & Mutations

You cannot wear most types of armour.
You are amphibious.
You can wear up to eight rings at the same time.
Your skin changes colour to match your surroundings (Stealth+).
Your rubbery body absorbs attacks. (AC +1, EV +1)
((You are camouflaged when in or above water. (Stealth+)))
You have tentacles for arms and can constrict up to eight enemies at once.
One of your tentacles bears a spike.
Your mind is acute. (Int +4, Str/Dex -1)


Message History

The frilled lizard bites you.
You climb upwards.
There is a stone staircase leading down here.
You are too injured to fight recklessly!
You are too injured to fight recklessly!
You are too injured to fight recklessly!
Aiming: Sandblast (safe; 5% risk of failure)
Press: ? - help, Q - select action, (/) - cycle Shift-Dir - straight line, f - frilled lizard
Aim: a frilled lizard (70% to hit)
You miscast Sandblast.
You are very lightly contaminated with residual magic.
Nothing appears to happen.
The frilled lizard completely misses you.
Aiming: Sandblast (safe; 5% risk of failure)
Press: ? - help, Q - select action, (/) - cycle Shift-Dir - straight line, f/p - frilled lizard
Aim: a frilled lizard (70% to hit)
The blast of sand hits the frilled lizard.
You kill the frilled lizard!
You start resting.
Your magical contamination has completely faded away.
You start resting.
Magic restored.
You start resting.
HP restored.
There is an open door here.
There is an open door here.
You open the door.
There is an open door here.
There is a stone staircase leading down here.
You climb downwards.
The hobgoblin closely misses you.
The gnoll hits you with a +0 whip of venom!
You are lethally poisoned!
The gnoll closely misses you.
There is a stone staircase leading up, spattered with blood here.
You feel very sick. The hobgoblin misses you. The gnoll closely misses you.
The gnoll hits you with a +0 halberd!
* * * LOW HITPOINT WARNING * * *
You climb upwards.
You die...

#........# #..########
#...(....# #.##
#........# ###.#
#........# #...######
#........####........####
#........##..............
#........##'##...........
#.......gg......###......
#.......@g...............
#..........(....###......
#...............# #......
#...............# #......
#...............# #......
##.....########## #......
#.....# #......
#.....############......
#...............########


You could see 2 gnolls and a hobgoblin.

Vanquished Creatures
  A gnoll (D:2)
  A bat (D:1)
  3 endoplasms
  A giant cockroach (D:1)
  A goblin (D:1)
  2 hobgoblins (D:1)
  A kobold (D:1)
  3 ball pythons
  A frilled lizard (D:1)
  3 rats (D:1)
17 creatures vanquished.

Vanquished Creatures (collateral kills)
  A goblin (D:1)
  A ball python (D:1)
2 creatures vanquished.

Grand Total: 19 creatures vanquished

Notes
Turn   | Place    | Note
-------+----------+-------------------------------------------
     0 | D:1      | Barneous the Octopode Wanderer began the quest for the Orb.
     0 | D:1      | Barneous set off with the following items: a +2 sling, a +0
                  | hat, a potion of heal wounds; and the following spell
                  | memorised: Sandblast; and the following spells available to
                  | memorise: Stone Arrow.
     0 | D:1      | Reached XP level 1. HP: 11/11 MP: 2/2
   263 | D:1      | Reached XP level 2. HP: 17/17 MP: 3/3
   751 | D:1      | Gained mutation: Your mind is acute. (Int +4, Str/Dex -1)
                  | [potion of mutation]
   751 | D:1      | Gained mutation: One of your tentacles bears a spike.
                  | [potion of mutation]
  1271 | D:2      | Reached XP level 3. HP: 8/21 MP: 2/4
  1322 | D:2      | Noticed a scorpion
  1554 | D:2      | HP: 1/21 [gnoll/+0 halberd (8)]
  1555 | D:1      | Succumbed to a gnoll's poison

Illustrated notes

Levels and vault maps discovered:
D:1:      heliophobic_arrival_dark_side_of_the_moon, layout_basic
D:2:      layout_basic, shapermc_ecumenical_altar_flowoftime,
          small_statue_intersection, uniq_crazy_yiuf_cottage

Skill      XL: |  1  2 |
---------------+-------+-----
Stealth        | 2 |  2.0
Ranged Weapons | |  3.1
Throwing       | |  1.4
Dodging        | |  1.3
Unarmed Combat | |  0.5
Spellcasting   | |  1.2
Earth Magic    | |  2.3
Evocations     | |  1.5

Action                   || total
-------------------------++-------
 Fire: Sling             ||    51
 Cast: Sandblast         ||     4
  Use: Scroll            ||     4
       Potion            ||     4
Armor: Skin              ||     3
Dodge: Dodged            ||    11
